 Dungeon Crawl Stone Soup version 0.27-a0-1502-g47ed6a6988 (webtiles) character file.

Game seed: 17752377369534303475

3028 tilp the Summoner (level 9, -4/69 HPs)
             Began as a Barachi Summoner on July 9, 2021.
             Was a Priest of Okawaru.
             Killed by divine providence
             ... invoked by an orc priest
              (16 damage)
             ... on level 8 of the Dungeon.
             The game lasted 00:21:01 (15404 turns).

tilp the Summoner (Barachi Summoner)               Turns: 15404, Time: 00:21:01

Health: -4/69      AC:  9    Str: 13    XL:     9   Next: 85%
Magic:  12/17      EV: 14    Int: 15    God:    Okawaru [***...]
Gold:   27         SH:  0    Dex: 13    Spells: 6/19 levels left

rFire    . . .     SeeInvis +   b - +1 spear (vamp)
rCold    . . .     Faith    .   (no shield)
rNeg     . . .     Spirit   .   p - +0 ring mail
rPois    .         Reflect  .   (no helmet)
rElec    .         Harm     .   (no cloak)
rCorr    .         Rampage  .   s - +1 pair of gloves
Will     .....                  w - +0 pair of boots
Stlth    +++.......             (no amulet)
HPRegen  0.21/turn              l - ring of see invisible
MPRegen  0.15/turn              c - ring of wizardry

@: heroic, unable to hop, studying Slings, slow
A: amphibious, slowness 1, strong legs 1, +LOS
a: Hop, Renounce Religion, Heroism


You were on level 8 of the Dungeon.
You worshipped Okawaru.
Okawaru was most pleased with you.
You visited 1 branch of the dungeon, and saw 8 of its levels.

You collected 335 gold pieces.
You spent 308 gold pieces at shops.

Inventory:

Hand Weapons
 a - a +2 dagger of draining
 b - a +1 vampiric spear (weapon)
 e - a +0 war axe
 g - a +0 dagger of speed
 m - a +0 falchion
 o - a +0 short sword
 t - a +0 trident
 v - a +2 dagger of venom
 y - a +0 great sword of protection
 E - a +0 vorpal flail
Missiles
 n - a throwing net
 q - 14 poisoned darts (quivered)
Armour
 p - a +0 ring mail (worn)
 s - a +1 pair of gloves (worn)
 w - a +0 pair of boots (worn)
Jewellery
 c - a ring of wizardry (right hand)
 f - an amulet of regeneration
 l - a ring of see invisible (left hand)
Wands
 k - a wand of polymorph (8)
 C - a wand of paralysis (8)
Scrolls
 i - 3 scrolls of enchant weapon
 j - 5 scrolls of teleportation
 B - a scroll of identify
 D - a scroll of amnesia {unknown}
Potions
 d - 4 potions of haste
 h - a potion of brilliance
 r - a potion of flight
 u - a potion of invisibility
 x - a potion of heal wounds
 z - a potion of might
 A - a potion of mutation


   Skills:
 - Level 6.0(11.0) Fighting
 - Level 4.0(9.0) Dodging
 - Level 4.0(9.0) Stealth
 + Level 5.6 Spellcasting
 + Level 9.2 Summonings
 - Level 4.0 Air Magic
 - Level 6.0 Invocations


You had 6 spell levels left.
You knew the following spells:

 Your Spells              Type           Power      Damage    Failure   Level
a - Summon Small Mammal   Summ           100%       N/A       1%          1
b - Call Imp              Summ           31%        N/A       1%          2
c - Call Canine Familiar  Summ           31%        N/A       1%          3
d - Summon Guardian Gole  Hex/Summ       18%        N/A       6%          3
e - Summon Lightning Spi  Summ/Air       24%        N/A       9%          4

Your spell library contained the following spells:

 Spells                   Type           Power      Damage    Failure   Level
 Corona                   Hex            4%         N/A       12%         1
 Magic Dart               Conj           16%        1d3       12%         1
 Blink                    Tloc           N/A        N/A       19%         2
 Ensorcelled Hibernation  Hex/Ice        8%         N/A       19%         2
 Searing Ray              Conj           8%         3d3       19%         2
 Tukima's Dance           Hex            4%         N/A       34%         3
 Fulminant Prism          Conj/Hex       2%         3d6       73%         4
 Manifold Assault         Tloc           4%         N/A       96%         5
 Storm Form               Tmut/Air       5%         N/A       100%        7


Dungeon Overview and Level Annotations

Branches:
Dungeon (8/15)             Temple (0/1) D:7
   Lair: D:8-11

Altars:
Fedhas
Hepliaklqana
Okawaru
Wu Jian
Zin

Shops:
D:1 ?   D:4 (   D:5 :   D:7 ??!   D:8 ?*

Annotations:
D:4 2 runed translucent doors, Blork the orc; askman's ghost, novice DsFi
D:5 1 runed translucent door, Crazy Yiuf
D:8 exclusion: hornet


Innate Abilities, Weirdness & Mutations

You are amphibious.
You cover ground slowly.
You can hop short distances.
You have an extended range of vision and can be seen from far away.


Message History

The orc priest mumbles some strange prayers to Beogh against you.
Beogh smites you!
* * * LOW HITPOINT WARNING * * *
Unknown command.
You closely miss the orc.
The orc is heavily wounded.
Your hound bites the orc.
The orc dies!
Okawaru accepts your kill.
Unknown command.
You hit the orc priest.
The orc priest is moderately wounded.
The orc priest misses you.
Your hound closely misses the orc priest.
Hop to where?
Press: ? - help, Dir - move target Boing!
Your hound bites the orc priest.
The orc priest invokes the aid of Beogh against your hound.
Your hound writhes in agony!
Your hound dies!
Your hound's corpse disappears in a puff of smoke!
The orc priest shouts!
Casting: Call Canine Familiar (safe; 1% risk of failure)
Confirm with . or Enter, or press ? or * to list all spells.
A guardian golem appears, shielding your allies.
The orc priest looks satisfied for a moment.
Unknown command.
What are your orders? t - Croak!
Orders for allies: a - Attack new target. r - Retreat! s - Stop attacking. g - Guard the area. f - Follow me.
Anything else - Cancel.
Gang up on whom?
Press: ? - help, Dir - move target, f - orc priest
Aim: an orc priest, wielding a +0 flail (heavily wounded, ally target) Attack!
The orc priest mumbles some strange prayers to Beogh against you.
Beogh smites you!
You die...

........... ......
...#######..o......#
...##...##∩.. ....##
........#.... .....#
>..##...#...# .o..
...##...#...####'###
...#######..##..)..##
...# ##..##..o...+
........#...##..@..##
........#...##...8.#
...##..##...##.....#
...##..##...##.....##
.......(............+
....................#
...##..##.####.##..##
#####..##+####.##..##.#
...##..........[......#


You could see 2 orc priests and a friendly guardian golem (summoned).

Vanquished Creatures
  Prince Ribbit (D:5)
  A steam dragon (D:6)
  An orc warrior (D:7)
  An ogre (D:5)
  A centaur (D:7)
  A scorpion (D:4)
  A water moccasin zombie (D:5)
  A wyvern skeleton (D:7)
  3 killer bees (D:7)
  2 hounds (D:7)
  3 orc priests
  2 jellies (D:5)
  A bullfrog skeleton (D:6)
  2 iguanas
  5 orc wizards
  4 gnolls
  7 adders
  2 dart slugs
  13 orcs
  7 ball pythons
  4 endoplasms
  6 goblins
  2 hobgoblins
  6 jackals
  A quokka (D:2)
  3 training dummies (D:4)
  2 bats (D:3)
  2 frilled lizards
  3 kobolds
  5 rats
93 creatures vanquished.

Vanquished Creatures (collateral kills)
  A manticore (D:7)
  Grinder (D:5)
  2 water moccasins
  Duvessa (D:7)
  2 necrophages (D:7)
  2 ogres
  Dowan (D:7)
  A water moccasin zombie (D:5)
  A hound (D:4)
  2 orc priests
  A bullfrog zombie (D:6)
  A jelly (D:4)
  An iguana (D:5)
  6 orc wizards
  2 gnolls (D:2)
  4 adders
  A white imp (D:7)
  A worm (D:2)
  16 orcs
  2 ball pythons (D:3)
  3 bats
  4 endoplasms
  3 goblins (D:3)
  7 hobgoblins
  A jackal (D:5)
  A frilled lizard (D:1)
  4 kobolds
  A rat (D:3)
73 creatures vanquished.

Vanquished Creatures (others)
  A manticore (D:7)
  An orc warrior (D:7)
  A black bear (D:4)
  2 killer bees (D:7)
  An orc wizard (D:7)
  An orc (D:7)
7 creatures vanquished.

Grand Total: 173 creatures vanquished

Notes
Turn   | Place    | Note
-------+----------+-------------------------------------------
     0 | D:1      | tilp the Barachi Summoner began the quest for the Orb.
     0 | D:1      | Reached XP level 1. HP: 13/13 MP: 3/3
   809 | D:1      | Reached skill level 1 in Fighting
  1014 | D:1      | Reached XP level 2. HP: 22/22 MP: 1/5
  1231 | D:1      | Found Fyledum's Magic Scroll Shop.
  1580 | D:2      | Learned a level 2 spell: Call Imp
  1790 | D:2      | Found a faded altar of an unknown god.
  1798 | D:2      | Reached skill level 5 in Summonings
  1799 | D:2      | Reached XP level 3. HP: 22/27 MP: 0/6
  3289 | D:1      | Bought a scroll of identify for 20 gold pieces
  3289 | D:1      | Bought a scroll of teleportation for 30 gold pieces
  3289 | D:1      | Bought a scroll of identify for 20 gold pieces
  3505 | D:2      | Learned a level 3 spell: Call Canine Familiar
  3563 | D:3      | Reached XP level 4. HP: 29/33 MP: 1/8
  4385 | D:2      | Reached skill level 6 in Summonings
  4596 | D:3      | Reached XP level 5. HP: 38/39 MP: 1/9
  6072 | D:1      | Bought a scroll of enchant weapon for 75 gold pieces
  6072 | D:1      | Bought a scroll of identify for 20 gold pieces
  6179 | D:4      | Learned a level 3 spell: Summon Guardian Golem
  6294 | D:4      | Noticed Blork the orc
  6304 | D:4      | Found Ziuxeank's Firing Range.
  6412 | D:4      | Noticed a black bear
  6619 | D:4      | Reached XP level 6. HP: 37/47 MP: 4/10
  6866 | D:4      | Found an iron altar of Okawaru.
  6866 | D:4      | Found a hazy altar of Hepliaklqana.
  6866 | D:4      | Found a blossoming altar of Fedhas.
  6867 | D:4      | Found an ornate altar of the Wu Jian Council.
  7041 | D:4      | Became a worshipper of Warmaster Okawaru
  7431 | D:4      | Found a large runed translucent door.
  7431 | D:4      | Found a large runed translucent door.
  7431 | D:4      | Noticed askman's ghost (novice DsFi)
  7519 | D:4      | Killed a black bear
  7844 | D:5      | Entered Level 5 of the Dungeon
  7892 | D:5      | Found a glowing silver altar of Zin.
  8292 | D:5      | Reached XP level 7. HP: 49/54 MP: 6/11
  8463 | D:5      | Reached skill level 1 in Invocations
  8515 | D:5      | Found Ugiter's Self-Improvement Boutique.
  8699 | D:5      | Noticed Prince Ribbit
  8974 | D:5      | Reached * piety under Okawaru
  9191 | D:5      | Found a runed translucent door.
  9192 | D:5      | Noticed Crazy Yiuf
  9879 | D:5      | Killed Prince Ribbit
  9880 | D:5      | Reached XP level 8. HP: 37/60 MP: 4/13
 10286 | D:5      | Noticed Grinder
 10299 | D:5      | Killed Grinder
 10798 | D:6      | Reached skill level 7 in Summonings
 11016 | D:6      | Reached ** piety under Okawaru
 11017 | D:6      | Reached skill level 8 in Summonings
 11442 | D:6      | Identified the +3 plate armour "Reji" {Drain Int+4 Stlth+}
 12230 | D:7      | Found Zoes's Magic Scroll Emporium.
 12295 | D:7      | Reached skill level 5 in Fighting
 12573 | D:7      | Reached skill level 5 in Invocations
 12867 | D:7      | Reached XP level 9. HP: 55/67 MP: 11/15
 13002 | D:7      | Noticed a cyclops
 13453 | D:7      | Learned a level 4 spell: Summon Lightning Spire
 13478 | D:7      | Noticed Duvessa
 13488 | D:7      | Killed Duvessa
 13489 | D:7      | Reached skill level 1 in Air Magic
 13599 | D:7      | Noticed Dowan
 13608 | D:7      | Killed Dowan
 13774 | D:7      | Noticed a manticore
 13775 | D:7      | Noticed a manticore
 13787 | D:7      | Killed a manticore
 14119 | D:7      | Found Plog's Distillery.
 14125 | D:7      | Bought a potion of invisibility for 88 gold pieces
 14125 | D:7      | Bought a potion of heal wounds for 55 gold pieces
 14161 | D:7      | Found a staircase to the Ecumenical Temple.
 14237 | D:7      | Killed a manticore
 14237 | D:7      | Reached *** piety under Okawaru
 14238 | D:7      | Reached skill level 5 in Spellcasting
 14675 | D:7      | Reached skill level 9 in Summonings
 14752 | D:7      | Found Naofuph's Magic Scroll Emporium.
 14982 | D:8      | Noticed a hornet
 14995 | D:8      | Found Ivalona's Magic Scroll Shoppe.
 15370 | D:8      | Found Omasch's General Store.
 15404 | D:8      | Killed from afar by an orc priest

Illustrated notes

Levels and vault maps discovered:
D:1:      dpeg_arrival_castle, layout_basic, serial_shops, shop
D:2:      layout_loops_ring, shapermc_ecumenical_altar_acropolis
D:3:      wad_river_or_something, layout_loops_ring, dk_vineyard_1,
          grunt_ministairs_6, minmay_crystal_room, minmay_vboxes
D:4:      layout_loops_ring, chequers_temple_overflow_statue_of_worship,
          ebering_ghost_disaster_area, chequers_serial_rivers_micro_c,
          nicolae_shop_firing_range, uniq_blork_the_orc
D:5:      layout_cave_pods, lemuel_round_altar, chequers_serial_rivers_micro_e,
          nicolae_shop_self_help, uniq_prince_ribbit1, uniq_crazy_yiuf_cottage,
          uniq_grinder
D:6:      layout_basic
D:7:      minmay_cornered_nines, layout_gridville, temple_doors_e, serial_shops,
          shop_fountains, shop, nicolae_square_shop, uniq_duvessa
D:8:      layout_gridville, dpeg_oklobed_lair, serial_shops, shop,
          nicolae_shop_overgrown_old_shop, nicolae_lakefront_shop,
          nicolae_shop_crystal, shop_scrolls, nrook_pool_corridor

Skill      XL: |  1  2  3  4  5  6  7  8  9 |
---------------+----------------------------+-----
Fighting       | 1 2 3 4 5 6 |  6.0
Summonings     | 5 6 8 9 |  9.2
Spellcasting   | 3 4 5 |  5.6
Stealth        | 2 3 4 |  4.0
Dodging        | 3 4 |  4.0
Invocations    | 4 5 6 |  6.0
Air Magic      | 4 |  4.0

Action                   |  1- 3 |  4- 6 |  7- 9 || total
-------------------------+-------+-------+-------++-------
Melee: Unarmed           |    17 |       |       ||    17
       Dagger            |     7 |   145 |   287 ||   439
       Spear             |    60 |     7 |     9 ||    76
       Short sword       |     5 |       |       ||     5
       Punch             |       |       |     1 ||     1
Throw: Dart              |       |       |     1 ||     1
 Cast: Summon Small Mamm |    37 |       |       ||    37
       Call Imp          |    26 |    35 |    37 ||    98
       Call Canine Famil |       |    13 |    35 ||    48
       Summon Guardian G |       |     2 |    11 ||    13
       Summon Lightning  |       |       |     3 ||     3
Invok: Heroism           |       |       |     7 ||     7
 Abil: Hop               |       |     1 |     5 ||     6
  Use: Scroll            |     2 |     7 |     6 ||    15
       Potion            |       |       |     3 ||     3
 Stab: Distracted        |     2 |       |     7 ||     9
       Sleeping          |     1 |     4 |     1 ||     6
Armor: Robe              |     4 |       |       ||     4
       Leather armour    |    12 |     1 |       ||    13
       Ring mail         |       |    56 |   124 ||   180
Dodge: Dodged            |    54 |   105 |   208 ||   367

Table legend: (Time is in decaauts)
 A = Elapsed time spent in this place.
 B = Non-inter-level travel time spent in this place.
 C = Inter-level travel time spent in this place.
 D = Time resting spent in this place.
 E = Time spent auto-exploring this place.
 F = Levels seen in this place.
 G = Mean time per level.
                   A        B        C        D        E       F      G
               +--------+--------+--------+--------+--------+-----+--------+
         Total |  16635 |  15652 |    983 |   5963 |   7669 |   8 | 2079.4 |
       Dungeon |  16635 |  15652 |    983 |   5963 |   7669 |   8 | 2079.4 |
               +--------+--------+--------+--------+--------+-----+--------+

Top non-repeatable levels by time:
     D:5: 2954 daAuts
     D:7: 2574 daAuts
     D:1: 2386 daAuts
     D:2: 2366 daAuts
     D:4: 2147 daAuts
     D:3: 1965 daAuts
     D:6: 1776 daAuts
     D:8: 463 daAuts
